Map: Ever Dream LE

Players

Goomba - Winner!

  • Race: Terran Terran
  • League: Grandmaster
  • Spawn Location: 1:00

Pixel

  • Race: Zerg Zerg
  • League: Master
  • Spawn Location: 7:00

VOD

Have the link to the VOD?

Description

Time

  • Played on: April 26, 2020, 5:18 p.m.
  • Length: 9:14
Show
View Real Time Build Order
Export as new Build Order

Goomba Terran - Winner!

Build Orders: Liberator Opening, Reaper Expand 

Get SALT Encoding   

  12  0:01  SCV  
  13  0:13  SCV  
  14  0:17  Supply Depot  
  14  0:25  SCV  
  15  0:38  SCV  
  15  0:40  Barracks  
  16  0:44  Refinery  
  16  0:51  SCV  
  17  1:03  SCV  
  18  1:15  SCV  
  19  1:27  Reaper, Orbital Command  
  20  1:41  Command Center  
  20  1:52  Supply Depot  
  20  1:54  SCV  
  20  1:58  Marine  
  22  2:06  SCV  
  23  2:09  Factory  
  23  2:16  Refinery  
  23  2:18  SCV  
  24  2:25  Barracks Reactor  
  24  2:30  SCV  
  25  2:43  SCV  
  26  2:55  SCV, Orbital Command  
  27  2:59  Starport  
  27  3:06  Hellion x2  
  27  3:08  SCV  
  27  3:09  Barracks Tech Lab  
  32  3:20  SCV  
  32  3:22  SCV  
  34  3:28  Supply Depot, Hellion  
  34  3:29  Hellion  
  38  3:37  SCV x2  
  38  3:40  Liberator  
  43  3:49  SCV x2  
  43  3:51  Supply Depot  
  43  3:54  Hellion x2  
  49  4:01  Command Center  
  49  4:03  SCV  
  49  4:05  SCV  
  51  4:15  SCV  
  52  4:18  SCV, Hellion x2  
  57  4:27  SCV, Supply Depot  
  57  4:30  SCV, Factory  
  59  4:34  Factory  
  59  4:36  Starport Tech Lab  
  59  4:41  SCV  
  59  4:42  SCV  
  59  4:44  Refinery  
  61  4:46  Refinery  
  61  4:56  Hellion x2  
  65  5:00  SCV x2  
  63  5:12  SCV  
  63  5:13  SCV  
  65  5:16  Orbital Command  
  65  5:19  Mag-Field Accelerator  
  62  5:24  Cyclone  
  62  5:25  SCV  
  62  5:27  Cyclone  
  62  5:28  Hellion x2  
  73  5:30  SCV  
  73  5:32  Starport Reactor  
  74  5:37  Factory  
  74  5:38  Engineering Bay, Factory  
  74  5:39  SCV  
  74  5:40  Barracks Tech Lab  
  74  5:42  SCV, Infernal Pre-Igniter  
  76  5:47  Orbital Command  
  76  5:51  SCV  
  76  5:54  SCV, Supply Depot  
  76  5:55  Supply Depot  
  76  5:56  Cyclone  
  81  6:00  Cyclone  
  85  6:04  SCV  
  85  6:09  Supply Depot  
  85  6:10  Refinery  
  85  6:14  Refinery  
  85  6:15  SCV  
  85  6:17  SCV x2  
  85  6:18  Starport Reactor  
  88  6:27  Armory  
  88  6:28  SCV  
  88  6:29  SCV  
  88  6:30  Armory  
  90  6:33  SCV  
  94  6:40  SCV, Cyclone  
  94  6:43  Cyclone  
  94  6:45  Hellion  
  94  6:46  SCV x2, Hellion x3  
  108  6:52  Supply Depot  
  108  6:53  Supply Depot  
  108  6:54  Supply Depot x2  
  108  7:05  SCV  
  109  7:13  Supply Depot  
  109  7:14  SCV x2, Supply Depot, Cyclone, Medivac x2  
  118  7:18  Hellion, Cyclone x2  
  118  7:20  Hellion  
  128  7:25  SCV  
  128  7:27  SCV x2  
  131  7:30  Hellion x2  
  130  7:47  Hellion x2, Cyclone  
  137  7:52  Cyclone  
  137  7:53  Hellion, Cyclone, Medivac  
  137  7:54  Hellion  
  137  7:55  Medivac  
  151  8:02  SCV  
  151  8:03  SCV  
  151  8:08  Command Center  
  141  8:18  Hellion  
  141  8:19  Hellion x3  
  132  8:20  SCV x2  
  132  8:22  Supply Depot x2  
  134  8:33  Cyclone  
  134  8:34  Cyclone x2  
  133  8:37  SCV x2  
  138  8:47  Factory  
  129  8:49  Hellion x3, Factory x2  
  132  9:01  SCV x2  
  132  9:02  SCV  
Show
View Real Time Build Order
Export as new Build Order

Pixel Zerg 

Build Orders: Hatch First 

Get SALT Encoding   

  12  0:02  Drone  
  13  0:12  Overlord  
  13  0:18  Drone  
  14  0:31  Drone x2  
  14  0:35  Drone  
  17  0:51  Hatchery  
  17  0:54  Drone  
  17  0:58  Drone  
  18  1:07  Extractor  
  17  1:12  Spawning Pool  
  17  1:15  Drone  
  17  1:18  Drone  
  18  1:28  Drone  
  19  1:40  Overlord  
  19  1:50  Drone  
  20  1:59  Queen  
  20  2:00  Zergling x2  
  23  2:03  Zergling x2, Queen  
  26  2:11  Drone  
  26  2:12  Metabolic Boost  
  26  2:13  Drone  
  28  2:30  Hatchery  
  28  2:33  Drone x2  
  29  2:38  Drone  
  29  2:43  Drone x2  
  32  2:50  Drone  
  33  2:57  Overlord, Drone  
  33  2:58  Queen  
  36  3:06  Overlord  
  36  3:15  Queen  
  36  3:16  Drone x2  
  40  3:23  Overlord  
  40  3:24  Drone  
  40  3:25  Drone x2  
  43  3:29  Drone  
  44  3:38  Queen  
  44  3:39  Overlord, Drone  
  47  3:44  Queen  
  47  3:48  Zergling x2  
  50  3:53  Drone x5  
  54  4:06  Overlord  
  54  4:09  Zergling x2  
  56  4:10  Zergling x4  
  56  4:13  Drone x2  
  56  4:15  Lair  
  56  4:16  Drone  
  60  4:21  Drone  
  60  4:24  Drone x2  
  62  4:25  Spore Crawler  
  62  4:26  Drone  
  62  4:27  Spore Crawler, Drone x2  
  62  4:28  Spore Crawler, Drone  
  62  4:30  Drone  
  65  4:32  Drone  
  65  4:37  Overlord  
  66  4:45  Overlord  
  66  4:47  Extractor  
  66  4:51  Drone x2  
  62  5:00  Hatchery, Zergling x4  
  62  5:01  Drone x2  
  62  5:02  Drone x2  
  62  5:07  Overlord  
  64  5:10  Drone x4  
  63  5:14  Drone  
  63  5:20  Drone x2  
  64  5:23  Drone  
  65  5:29  Extractor  
  65  5:30  Evolution Chamber x2  
  65  5:32  Drone x2  
  65  5:33  Baneling Nest  
  65  5:35  Drone  
  64  5:41  Overlord  
  64  5:42  Drone  
  65  5:47  Overlord  
  65  5:48  Drone  
  65  5:49  Drone x2  
  68  5:51  Drone  
  68  5:54  Drone x2  
  68  5:55  Drone x2  
  73  5:58  Extractor  
  73  6:02  Overlord  
  72  6:04  Zerg Melee Weapons Level 1  
  72  6:07  Zerg Ground Armor Level 1  
  72  6:09  Drone x6, Extractor  
  77  6:13  Extractor  
  76  6:18  Overlord  
  76  6:24  Overlord  
  76  6:25  Centrifical Hooks  
  76  6:27  Zergling x4, Drone x2  
  76  6:28  Zergling x12  
  86  6:33  Overseer  
  86  6:43  Hydralisk Den  
  86  6:44  Zergling x14  
  86  6:45  Zergling x2  
  93  6:50  Overlord  
  93  6:51  Drone x4  
  93  6:53  Baneling x8  
  97  6:54  Zergling x2  
  97  6:55  Zergling x2  
  99  7:03  Zergling x8  
  99  7:04  Roach Warren  
  99  7:07  Zergling x8  
  107  7:13  Zergling x6  
  107  7:14  Zergling x4  
  111  7:18  Spine Crawler  
  111  7:19  Drone x3  
  111  7:20  Spine Crawler  
  111  7:21  Zergling x2  
  111  7:22  Zergling x2  
  109  7:41  Zergling x14  
  109  7:42  Zergling x6  
  101  7:46  Zergling x2  
  98  7:54  Zergling x6  
  101  7:58  Infestation Pit  
  101  8:01  Roach  
  101  8:05  Roach x3  
  108  8:08  Hatchery  
  101  8:17  Zergling x8  
  101  8:21  Baneling x4  
  101  8:22  Zergling x4  
  101  8:23  Zergling x2  
  101  8:24  Zergling x2  
  105  8:31  Zergling x8  
  105  8:32  Zergling x8, Roach  
  98  8:36  Zergling x4  
  98  8:38  Ravager x2  
  98  8:39  Ravager  
  98  8:40  Zergling x2, Baneling x2  
  100  8:47  Zergling x4  
  91  8:55  Zergling x4  
Tags
 
Add a new tag
Caveats
  • Supply blocks, unpowered buildings, or Contaminate may cause inaccurate times.
  • Supply counts are checked every 10 seconds.